AoeStats
← migueluptown

MegaRandom

510006653Analyzed
2v2 RM · 5d ago on Sep 29, 2026· 39m 50s· 4 players
Game mode
Random Map
Map size
Medium (4 player)
Population
200
Speed
Normal
Resources
Standard
Victory
Conquest
Starting age
Dark Age
Ending age
Imperial Age
RankedLock teamsTeams togetherTeam positionsShared explorationLock speedFull tech treeHidden civsTurbo modeCheats
Victory
Defeat
🇺🇸 Romans · United States
1069
+17
🇲🇽 Vikings · Mexico
1023
+19
🇵🇪 Persians · Peru
1204
-23
🇵🇪 Spanish · Peru
974
-13
Such_A_Noob
5:26 Loom
11:35 Feudal Age
12:35 Double-Bit Axe
20:33 Castle Age
18:27 Horse Collar
21:42 Bloodlines
21:33 Husbandry
21:42 Scale Barding Armor
23:22 Wheelbarrow
22:36 Town Watch
23:06 Forging
24:02 Fletching
27:45 Chain Barding Armor
28:00 Iron Casting
29:14 Bodkin Arrow
30:22 Hand Cart
29:44 Pikeman
30:25 Squires
30:53 Bow Saw
30:51 Scale Mail Armor
34:30 Chain Mail Armor
39:35 Imperial Age
Orsai.exe
9:14 Loom
11:33 Feudal Age
12:31 Double-Bit Axe
12:57 Man-at-Arms
14:09 Arson
24:06 Castle Age
24:15 Fletching
24:47 Crossbowman
29:29 Town Watch
30:28 Bodkin Arrow
31:19 Horse Collar
32:50 Pikeman
35:04 Scale Mail Armor
37:17 Bow Saw
37:04 Gold Mining
El Botascha 2.0
0:48 Loom
12:11 Feudal Age
12:34 Double-Bit Axe
15:10 Horse Collar
16:33 Padded Archer Armor
23:26 Fletching
27:53 Castle Age
26:32 Scale Barding Armor
27:44 Bloodlines
27:47 Forging
28:21 Husbandry
29:13 Heavy Plow
29:31 Bow Saw
31:02 Chain Barding Armor
31:24 Bodkin Arrow
32:06 Iron Casting
31:46 Elite Skirmisher
32:50 Town Watch
33:40 Wheelbarrow
40:14 Hand Cart
migueluptown
11:39 Feudal Age
16:13 Fletching
17:16 Double-Bit Axe
20:41 Castle Age
21:47 Bow Saw
21:36 Horse Collar
22:29 Scale Barding Armor
26:24 Chain Barding Armor
27:48 Husbandry
27:58 Bloodlines
30:41 Bodkin Arrow
32:06 Forging
36:59 Iron Casting
36:24 Scale Mail Armor
36:08 Man-at-Arms
36:56 Squires
36:41 Gambesons
36:42 Arson
37:40 Fortified Wall
37:15 Pikeman
42:13 Imperial Age
39:42 Long Swordsman
Connection lost

Rejoining the realm…

Still unreachable

The connection could not be restored.

Session expired

The server has moved on; the page needs a fresh start.